 Dungeon Crawl Stone Soup version 0.29.1-2-gbd0b4ee654 (webtiles) character file.

Game seed: 13342812061999283040

813 styxcanada the Covert (level 7, -13/35 HPs)
             Began as a Spriggan Brigand on Nov 1, 2022.
             Was an Initiate of Gozag.
             Mangled by a two-headed ogre
             ... wielding a +0 giant spiked club
              (27 damage)
             ... on level 6 of the Dungeon.
             The game lasted 00:20:28 (5535 turns).

styxcanada the Covert (Spriggan Brigand)            Turns: 5535, Time: 00:20:29

Health: -13/35     AC:  5    Str:  7    XL:     7   Next: 61%
Magic:  8/8        EV: 19    Int: 12    God:    Gozag
Gold:   155        SH:  0    Dex: 19    Spells: 6/6 levels left

rFire   . . .      SeeInvis +   a - +3 dagger
rCold   . . .      Faith    .   (no shield)
rNeg    . . .      Spirit   .   d - +2 robe {Will+}
rPois   .          Reflect  .   (helmet restricted)
rElec   .          Harm     .   c - +0 cloak
rCorr   .          Rampage  .   (gloves unavailable)
Will    ++...                   (boots unavailable)
Stlth   +++++.....              (no amulet)
HPRegen 0.11/turn               (no ring)
MPRegen 0.11/turn               (no ring)

@: studying Stealth, very quick
A: very small, no large weapons, unfitting armour, see invisible, speed 3
a: Renounce Religion, Potion Petition, Call Merchant, Bribe Branch


You were on level 6 of the Dungeon.
You worshipped Gozag.
Gozag was aware of your devotion.
You visited 2 branches of the dungeon, and saw 7 of its levels.

You collected 207 gold pieces.
You paid 52 gold pieces to Gozag.

Inventory:

Hand Weapons
 a - a +3 dagger (weapon)
 i - a +0 sling
 t - a +2 quarterstaff of chaos
Missiles
 b - 3 boomerangs
 e - 2 curare-tipped darts
 f - 16 stones
 j - 2 poisoned darts (quivered)
Armour
 c - a +0 cloak (worn)
 d - a +2 robe of willpower (worn)
 h - a +1 robe of cold resistance
Magical Staves
 m - a staff of poison
Jewellery
 g - a ring of ice
Wands
 p - a wand of polymorph (7)
 q - a wand of flame (10)
Scrolls
 l - a scroll of teleportation
 o - a scroll of enchant weapon
Potions
 k - 2 potions of curing
 n - a potion of lignification
 s - a potion of mutation
 v - a potion of resistance


   Skills:
 * Level 2.8 Fighting
 + Level 3.2 Short Blades
 + Level 2.3 Ranged Weapons
 + Level 3.6 Throwing
 * Level 4.1 Dodging
 * Level 11.2 Stealth
 * Level 1.8 Evocations


You had 6 spell levels left.
You didn't know any spells.
Your spell library contained the following spells:

 Spells                   Type           Power      Damage    Failure   Level
 Beastly Appendage        Tmut           0%         N/A       32%         1
 Wereblood                Tmut           0%         N/A       45%         2
 Ozocubu's Armour         Ice            0%         N/A       69%         3
 Spider Form              Tmut/Pois      0%         N/A       69%         3
 Ozocubu's Refrigeration  Ice            0%         4d7       100%        7


Dungeon Overview and Level Annotations

Branches:
Dungeon (6/15)             Temple (1/1) D:5

Altars:
Ashenzari
Dithmenos
Gozag
Hepliaklqana
Okawaru
Qazlal
Ru
Trog
Uskayaw
Vehumet
Yredelemnul

Annotations:
D:6 3 runed translucent doors, angelusfrater's ghost, novice GrCj


Innate Abilities, Weirdness & Mutations

You are very small and have problems with some larger weapons.
You are too small for most types of armour.
You have supernaturally acute eyesight. (SInv)
You cover ground extremely quickly. (Speed+++)


Message History

You shoot a sling bullet.
The sling bullet barely misses the two-headed ogre.
Fire: i) +0 sling
Press: ? - help, Q - select action, (/) - cycle Shift-Dir - straight line, f/p - two-headed ogre
Aim: a two-headed ogre, wielding two +0 giant spiked clubs (almost dead, 75% to hit)
You shoot a sling bullet.
The sling bullet hits the two-headed ogre but does no damage.
The two-headed ogre is almost dead.
Fire: i) +0 sling
Press: ? - help, Q - select action, (/) - cycle Shift-Dir - straight line, f/p - two-headed ogre
Aim: a two-headed ogre, wielding two +0 giant spiked clubs (severely wounded, 75% to hit)
You shoot a sling bullet.
The sling bullet barely misses the scorpion.
The sling bullet hits the two-headed ogre but does no damage.
The two-headed ogre is severely wounded.
Fire: i) +0 sling
Press: ? - help, Q - select action, (/) - cycle Shift-Dir - straight line, f/p - two-headed ogre
Aim: a two-headed ogre, wielding two +0 giant spiked clubs (severely wounded, 75% to hit)
You shoot a sling bullet.
The sling bullet barely misses the two-headed ogre.
You see here 2 poisoned darts.
j - 2 poisoned darts You see here a poisoned dart.
j - 3 poisoned darts (gained 1)
a - a +3 dagger (weapon)
Throw: 3 boomerangs
Press: ? - help, Q - select action, (/) - cycle Shift-Dir - straight line, f/p - two-headed ogre
Aim: a two-headed ogre, wielding two +0 giant spiked clubs (severely wounded, 77% to hit)
You throw a boomerang.
The boomerang hits the scorpion but does no damage.
Throw: 3 darts (poison)
Press: ? - help, Q - select action, (/) - cycle Shift-Dir - straight line, f/p - two-headed ogre
Aim: a two-headed ogre, wielding two +0 giant spiked clubs (severely wounded, 77% to hit)
You throw a poisoned dart. The poisoned dart hits the scorpion.
The scorpion is poisoned.
The scorpion misses you.
The two-headed ogre hits you with a +0 giant spiked club!!
Ouch! That really hurt!
You die...
Your body crumbles into a pile of gold.

#..........#######.......#
#........................#
#........................#
##################'##.....
#....#...#.....
#....#...#.....
#....'...#.....
#########'#######.....
#..s.@............####
#....O..........(.'...
#.................#...
#..)..............#..#
#############'#####..#
#.....#.... #.....#....
#.....#>... #.....#....


You could see a two-headed ogre and a scorpion (poisoned).

Vanquished Creatures
  A water moccasin (D:5)
  An ogre (D:6)
  3 necrophages
  A scorpion (D:4)
  2 howler monkeys
  Crazy Yiuf (D:2)
  An orc priest (D:3)
  2 iguanas
  2 orc wizards (D:4)
  5 adders
  A white imp (D:4)
  An ufetubus (D:5)
  3 worms
  2 dart slugs
  7 orcs
  4 ball pythons
  4 bats
  5 endoplasms
  A giant cockroach (D:2)
  2 goblins
  3 hobgoblins
  6 jackals
  2 kobolds
  7 quokkas
  5 frilled lizards
  6 rats
78 creatures vanquished.

Vanquished Creatures (others)
  A fungus (D:2)
1 creature vanquished.

Grand Total: 79 creatures vanquished

Notes
Turn   | Place    | Note
-------+----------+-------------------------------------------
     0 | D:1      | styxcanada the Spriggan Brigand began the quest for the
                  | Orb.
     0 | D:1      | Reached XP level 1. HP: 10/10 MP: 2/2
    48 | D:1      | Reached skill level 6 in Stealth
   199 | D:1      | Found a faded altar of an unknown god.
   292 | D:1      | Reached XP level 2. HP: 15/15 MP: 3/3
   592 | D:2      | Found a stormy altar of Qazlal.
   716 | D:2      | Reached XP level 3. HP: 18/18 MP: 4/4
   869 | D:2      | Reached skill level 7 in Stealth
  1505 | D:2      | Found a runed translucent door.
  1506 | D:2      | Noticed Crazy Yiuf
  1537 | D:2      | Killed Crazy Yiuf
  1538 | D:2      | Reached XP level 4. HP: 23/23 MP: 5/5
  1763 | D:3      | Reached skill level 8 in Stealth
  1951 | D:3      | Found a hide-covered altar of Uskayaw.
  2310 | D:3      | Reached XP level 5. HP: 26/26 MP: 6/6
  3169 | D:4      | Reached XP level 6. HP: 30/30 MP: 7/7
  3277 | D:4      | Reached skill level 9 in Stealth
  3514 | D:4      | Reached skill level 1 in Ranged Weapons
  3662 | D:4      | Found a sacrificial altar of Ru.
  4158 | D:4      | Identified a scroll of acquirement
  4158 | D:4      | Acquired a manual of Stealth
  4376 | D:5      | Entered Level 5 of the Dungeon
  4613 | D:5      | Found a radiant altar of Vehumet.
  4623 | D:5      | Noticed a water moccasin
  4628 | D:5      | Reached XP level 7. HP: 32/35 MP: 8/8
  4631 | D:5      | Reached skill level 10 in Stealth
  4661 | D:5      | Reached skill level 1 in Evocations
  5125 | D:5      | Found a staircase to the Ecumenical Temple.
  5134 | Temple   | Entered the Ecumenical Temple
  5141 | Temple   | Became a worshipper of Gozag Ym Sagoz the Greedy
  5205 | D:6      | Found a runed translucent gate.
  5205 | D:6      | Found a runed translucent gate.
  5205 | D:6      | Found a runed translucent gate.
  5206 | D:6      | Noticed angelusfrater's ghost (novice GrCj)
  5232 | D:6      | Reached skill level 11 in Stealth
  5392 | D:6      | Noticed a two-headed ogre
  5535 | D:6      | Mangled by a two-headed ogre

Illustrated notes

Levels and vault maps discovered:
D:1:      lightli_arrival_flooded_house, layout_rooms,
          ebering_ecumenical_altar_petrified, corexii_hall_statues_t
D:2:      layout_loops_cross, basic_altar, uniq_crazy_yiuf_cottage
D:3:      layout_loops_ring, mainiacjoe_overflow_brackets
D:4:      layout_layer_cave, hangedman_ru_absence
D:5:      layout_loops_cross, vehumet_altar_wand_db, temple_fountains
D:6:      layout_gridville, serial_shops, nicolae_shop_hallway_plus,
          ebering_ghost_rock_garden, hangedman_abyss_or_decor_stabs
Temple:   cyrus_circular_temple

Skill      XL: |  1  2  3  4  5  6  7 |
---------------+----------------------+-----
Stealth        | 6 7 8 9 11 | 11.2
Dodging        | 2 3 4 |  4.1
Fighting       | 2 |  2.8
Short Blades   | 3 |  3.2
Throwing       | 3 |  3.6
Ranged Weapons | 1 2 |  2.3
Evocations     | 1 |  1.8

Action                   |  1- 3 |  4- 6 |  7- 9 || total
-------------------------+-------+-------+-------++-------
Melee: Dagger            |    42 |    91 |    25 ||   158
 Fire: Sling             |     3 |    14 |    15 ||    32
Throw: Dart              |    13 |    42 |    10 ||    65
       Stone             |       |     1 |       ||     1
       Boomerang         |       |       |     5 ||     5
Evoke: Wand              |       |       |     3 ||     3
  Use: Scroll            |       |    12 |     2 ||    14
       Potion            |       |     3 |     1 ||     4
 Stab: Sleeping          |    12 |    12 |     4 ||    28
Armor: Robe              |     4 |    13 |     3 ||    20
Dodge: Dodged            |    20 |    70 |    16 ||   106
